AoeStats
← Boar

Arena

510357530Analyzed
4v4 RM · 2d ago on Sep 30, 2026· 49m 18s· 8 players
Game mode
Random Map
Map size
Large (8 player)
Population
200
Speed
Normal
Resources
Standard
Victory
Conquest
Starting age
Dark Age
Ending age
Imperial Age
RankedLock teamsTeams togetherTeam positionsShared explorationLock speedFull tech treeHidden civsTurbo modeCheats
Victory
Defeat
🇹🇷 Spanish · Türkiye
1436
+15
1396
+17
🇨🇱 Cumans · Chile
1389
+17
🇨🇳 Saracens · China
1385
+17
🇩🇪 Koreans · Germany
1514
-20
🇨🇭 Italians · Switzerland
1497
-20
🇩🇪 Teutons · Germany
1366
-15
🇩🇪 Persians · Germany
1281
-11
Mr.Shrek
10:22 Feudal Age
14:47 Castle Age
13:46 Double-Bit Axe
14:52 Loom
15:46 Bow Saw
18:33 Scale Barding Armor
21:58 Bloodlines
21:46 Horse Collar
24:27 Chain Barding Armor
27:04 Wheelbarrow
27:21 Heavy Plow
27:11 Town Watch
28:25 Forging
30:26 Fervor
34:21 Imperial Age
31:55 Gold Mining
32:43 Hand Cart
33:11 Scale Mail Armor
34:37 Chain Mail Armor
34:27 Elite Teutonic Knight
35:46 Squires
35:31 Gambesons
36:14 Conscription
37:06 Plate Mail Armor
38:02 Chemistry
37:01 Capped Ram
37:59 Onager
41:41 Two-Man Saw
40:28 Siege Onager
41:57 Iron Casting
41:13 Arson
43:44 Blast Furnace
42:59 Siege Engineers
44:02 Cavalier
45:28 Plate Barding Armor
46:08 Stone Mining
47:38 Ironclad
47:11 Fletching
47:46 Guilds
HaRo23
10:37 Feudal Age
14:27 Castle Age
12:44 Double-Bit Axe
15:18 Fletching
16:23 Bodkin Arrow
25:41 Horse Collar
27:47 Ballistics
27:57 Bow Saw
30:47 Gold Mining
32:22 Wheelbarrow
31:33 Loom
37:03 Imperial Age
36:44 Crossbowman
37:46 Bracer
38:48 Chemistry
37:26 Arbalester
38:12 Thumb Ring
th3g3ntl3man
11:20 Feudal Age
9:56 Loom
11:38 Loom
11:55 Double-Bit Axe
11:51 Horse Collar
12:44 Fletching
16:45 Castle Age
15:09 Stone Mining
15:11 Horse Collar
18:05 Gold Mining
21:50 Bodkin Arrow
26:57 Wheelbarrow
30:01 Imperial Age
31:27 Bracer
31:49 Ballistics
32:16 Conscription
32:18 Padded Archer Armor
34:48 Chemistry
36:14 Leather Archer Armor
36:50 Wheelbarrow
36:52 Stone Shaft Mining
37:11 Bow Saw
37:36 Ring Archer Armor
37:14 Town Watch
38:07 Hand Cart
40:07 Two-Man Saw
39:10 Heavy Plow
40:00 Masonry
40:25 Town Watch
44:08 Thumb Ring
45:16 Crop Rotation
45:28 Elite Genoese Crossbowman
Immortan_Joe
3:41 Loom
11:12 Feudal Age
17:05 Castle Age
16:02 Forging
16:21 Double-Bit Axe
21:05 Horse Collar
22:05 Husbandry
23:37 Bloodlines
26:22 Gold Mining
26:23 Stone Mining
27:22 Wheelbarrow
27:27 Scale Barding Armor
30:00 Gold Shaft Mining
31:30 Iron Casting
33:15 Heavy Plow
34:00 Ballistics
34:08 Murder Holes
35:13 Bow Saw
39:23 Imperial Age
37:41 Hand Cart
38:57 Chain Barding Armor
38:27 Fletching
39:12 Heavy Camel Rider
40:35 Crop Rotation
40:34 Cavalier
45:16 Bodkin Arrow
46:11 Kamandaran
45:45 Crossbowman
46:28 Padded Archer Armor
ValerioN__
9:56 Feudal Age
13:40 Castle Age
11:47 Horse Collar
12:45 Double-Bit Axe
15:10 Bow Saw
22:47 Wheelbarrow
22:41 Padded Archer Armor
25:52 Leather Archer Armor
25:53 Husbandry
28:19 Bloodlines
33:12 Imperial Age
30:29 Loom
33:34 Elite Conquistador
34:58 Ring Archer Armor
36:32 Hand Cart
37:11 Conscription
36:42 Fletching
39:09 Chemistry
38:06 Bodkin Arrow
43:23 Bracer
45:54 Coinage
47:28 Scale Barding Armor
47:34 Forging
47:27 Caravan
CumanoBorracho92
8:09 Feudal Age
11:33 Horse Collar
12:08 Double-Bit Axe
19:07 Wheelbarrow
20:08 Loom
22:29 Castle Age
21:17 Scale Barding Armor
22:51 Forging
22:55 Bloodlines
26:48 Bow Saw
27:21 Chain Barding Armor
28:45 Iron Casting
29:01 Heavy Plow
38:22 Imperial Age
36:10 Pikeman
36:51 Squires
36:13 Capped Ram
36:48 Gold Mining
37:17 Hand Cart
36:48 Town Watch
37:20 Scale Mail Armor
37:11 Fletching
37:47 Town Patrol
38:29 Halberdier
39:31 Chain Mail Armor
40:36 Crop Rotation
40:35 Conscription
40:54 Plate Mail Armor
40:23 Cavalier
41:06 Arson
42:16 Siege Ram
43:09 Cuman Mercenaries
43:10 Steppe Husbandry
48:12 Blast Furnace
47:08 Bodkin Arrow
47:49 Plate Barding Armor
46:37 Paladin
48:22 Stone Mining
49:11 Gold Shaft Mining
PNAL | Diego Rodriguez
8:46 Feudal Age
7:05 Loom
9:29 Double-Bit Axe
10:46 Wheelbarrow
10:09 Horse Collar
17:20 Castle Age
15:52 Stone Mining
27:27 Hand Cart
33:48 Gold Mining
34:02 Heavy Plow
39:29 Imperial Age
39:05 Town Watch
40:13 Fletching
40:09 Crossbowman
41:40 Padded Archer Armor
42:05 Bodkin Arrow
44:06 Arbalester
45:57 Ballistics
46:32 Bracer
46:53 Thumb Ring
48:35 Leather Archer Armor
Boar
1:59 Loom
10:20 Feudal Age
11:34 Double-Bit Axe
11:55 Horse Collar
14:40 Castle Age
15:49 Bow Saw
15:40 Heavy Plow
20:06 Stone Mining
21:57 Wheelbarrow
23:55 Loom
24:52 Gold Mining
26:51 Gold Shaft Mining
27:39 Husbandry
30:55 Imperial Age
28:56 Forging
28:55 Scale Barding Armor
29:19 Hand Cart
28:49 Town Watch
29:56 Bloodlines
30:30 Forging
33:20 Conscription
32:21 Elite Mameluke
34:09 Chain Barding Armor
37:10 Iron Casting
37:11 Plate Barding Armor
39:06 Padded Archer Armor
38:56 Fletching
40:10 Chemistry
39:30 Ballistics
39:24 Fortified Wall
38:46 Crossbowman
39:31 Thumb Ring
39:27 Arbalester
40:56 Leather Archer Armor
40:40 Bodkin Arrow
41:38 Bracer
42:12 Ring Archer Armor
Connection lost

Rejoining the realm…

Still unreachable

The connection could not be restored.

Session expired

The server has moved on; the page needs a fresh start.